AoeStats
← Chiripa605

Black Forest

509140921Analyzed
4v4 RM · 5d ago on Sep 25, 2026· 52m 58s· 8 players
Game mode
Random Map
Map size
Large (8 player)
Population
200
Speed
Normal
Resources
Standard
Victory
Conquest
Starting age
Dark Age
Ending age
Imperial Age
RankedLock teamsTeams togetherTeam positionsShared explorationLock speedFull tech treeHidden civsTurbo modeCheats
Victory
Defeat
🇻🇳 Burgundians · Vietnam
1388
+15
🇨🇳 Mongols · China
1381
+16
🇰🇷 Italians · South Korea
1380
+16
🇳🇿 Japanese · New Zealand
1278
+19
🇺🇸 Teutons · United States
1390
-17
🇵🇪 Japanese · Peru
1373
-17
🇺🇸 Celts · United States
1370
-17
🇨🇱 Khmer · Chile
1340
-15
Chiripa605
0:46 Loom
13:28 Feudal Age
13:55 Town Watch
14:21 Double-Bit Axe
19:50 Castle Age
18:52 Horse Collar
20:42 Bow Saw
23:15 Squires
24:48 Scale Mail Armor
30:43 Imperial Age
28:41 Heavy Plow
32:08 Wheelbarrow
32:46 Two-Man Saw
31:22 Capped Ram
34:12 Masonry
35:33 Chain Mail Armor
36:58 Plate Mail Armor
37:11 Conscription
38:56 Forging
38:56 Fletching
39:30 Ballistics
41:09 Chemistry
40:07 Bodkin Arrow
[TVDT] Emiliator
12:53 Feudal Age
15:59 Castle Age
14:39 Stone Mining
15:12 Loom
15:12 Horse Collar
15:21 Double-Bit Axe
15:36 Gold Mining
16:47 Wheelbarrow
17:51 Bow Saw
19:33 Heavy Plow
25:15 Hand Cart
27:00 Fletching
27:15 Scale Barding Armor
28:03 Gold Shaft Mining
31:02 Imperial Age
28:21 Town Watch
29:06 Bodkin Arrow
29:32 Chain Barding Armor
29:45 Pikeman
30:39 Forging
31:37 Elite Ballista Elephant
32:41 Conscription
33:27 Crop Rotation
32:39 Halberdier
34:38 Tusk Swords
36:40 Town Patrol
37:44 Stone Shaft Mining
40:48 Plate Barding Armor
40:14 Bracer
40:49 Iron Casting
46:56 Blast Furnace
45:57 Scale Mail Armor
47:20 Masonry
48:12 Chemistry
47:33 Ballistics
48:31 Architecture
mikeymazko
10:34 Feudal Age
15:16 Castle Age
14:15 Double-Bit Axe
16:14 Bow Saw
15:58 Horse Collar
17:10 Loom
21:57 Wheelbarrow
22:20 Town Watch
30:12 Imperial Age
28:25 Hand Cart
28:20 Scale Mail Armor
28:30 Forging
28:33 Gold Mining
28:35 Stone Mining
28:47 Pikeman
29:13 Gambesons
30:29 Chain Mail Armor
30:51 Iron Casting
31:26 Gold Shaft Mining
30:21 Halberdier
31:00 Capped Ram
33:01 Plate Mail Armor
33:32 Blast Furnace
34:44 Conscription
34:35 Furor Celtica
34:23 Arson
34:28 Siege Ram
35:55 Siege Engineers
36:51 Chemistry
39:50 Heavy Scorpion
41:31 Fletching
42:03 Ballistics
41:55 Masonry
45:09 Onager
kraquen
1:01 Loom
12:12 Feudal Age
25:25 Horse Collar
31:15 Castle Age
31:34 Forging
31:25 Scale Mail Armor
31:18 Gold Mining
36:57 Imperial Age
34:20 Double-Bit Axe
34:39 Heavy Plow
36:05 Wheelbarrow
36:10 Fletching
38:07 Chain Mail Armor
40:50 Bodkin Arrow
42:31 Elite Skirmisher
43:29 Bracer
44:40 Padded Archer Armor
47:29 Leather Archer Armor
48:18 Thumb Ring
49:25 Ring Archer Armor
50:49 Chemistry
aloofIy
1:14 Loom
13:25 Feudal Age
14:19 Double-Bit Axe
18:11 Castle Age
16:06 Horse Collar
21:30 Bow Saw
28:34 Wheelbarrow
27:45 Town Watch
28:13 Gold Mining
33:00 Imperial Age
33:23 Yasama
34:05 Masonry
35:46 Conscription
36:21 Ballistics
35:52 Guard Tower
36:56 Gold Shaft Mining
36:50 Scale Mail Armor
37:40 Squires
38:19 Treadmill Crane
38:18 Elite Samurai
39:09 Forging
39:15 Chain Mail Armor
39:21 Fletching
40:41 Iron Casting
39:57 Arrowslits
40:41 Kataparuto
46:16 Blast Furnace
45:47 Plate Mail Armor
45:13 Bodkin Arrow
47:22 Keep
47:48 Chemistry
48:09 Siege Engineers
48:07 Bracer
48:38 Plate Mail Armor
jetty8282-한국인
0:42 Loom
12:29 Feudal Age
14:04 Double-Bit Axe
16:26 Castle Age
27:33 Stone Mining
28:48 Stone Shaft Mining
29:22 Horse Collar
31:00 Gold Mining
31:35 Bow Saw
31:44 Heavy Plow
33:49 Wheelbarrow
38:03 Imperial Age
36:09 Hand Cart
36:19 Ballistics
37:23 Treadmill Crane
37:51 Fletching
38:02 Padded Archer Armor
38:30 Bodkin Arrow
40:01 Two-Man Saw
39:15 Guilds
39:35 Crop Rotation
39:23 Leather Archer Armor
39:30 Bracer
40:31 Chemistry
40:47 Conscription
41:13 Ring Archer Armor
41:06 Elite Genoese Crossbowman
42:29 Hoardings
43:39 Masonry
44:19 Thumb Ring
47:30 Bombard Tower
47:41 Architecture
51:04 Caravan
适才相戏尔
11:03 Feudal Age
11:29 Double-Bit Axe
11:26 Horse Collar
15:21 Gold Mining
17:43 Castle Age
16:57 Stone Mining
18:38 Bow Saw
19:12 Heavy Plow
20:11 Wheelbarrow
25:04 Hand Cart
26:44 Gold Shaft Mining
27:07 Loom
30:18 Imperial Age
28:31 Stone Shaft Mining
28:22 Caravan
29:10 Fletching
30:26 Onager
31:14 Siege Engineers
32:11 Chemistry
32:28 Drill
32:29 Conscription
33:10 Bodkin Arrow
33:29 Masonry
33:26 Nomads
34:03 Coinage
33:40 Siege Onager
36:18 Bracer
36:55 Banking
36:27 Elite Mangudai
38:37 Hoardings
40:53 Town Watch
41:35 Town Patrol
41:36 Padded Archer Armor
42:59 Husbandry
43:10 Bloodlines
43:27 Parthian Tactics
43:08 Thumb Ring
46:42 Leather Archer Armor
Melodies of Life
3:15 Double-Bit Axe
8:06 Loom
10:09 Feudal Age
14:33 Castle Age
13:21 Bow Saw
12:52 Horse Collar
13:42 Heavy Plow
22:24 Scale Barding Armor
23:09 Forging
23:37 Wheelbarrow
23:32 Town Watch
24:29 Chain Barding Armor
24:07 Gold Mining
26:16 Two-Man Saw
25:29 Husbandry
25:05 Cavalier
27:02 Iron Casting
26:54 Light Cavalry
30:18 Hand Cart
30:04 Stone Mining
30:51 Gold Shaft Mining
33:28 Imperial Age
31:31 Fletching
32:09 Burgundian Vineyards
32:23 Bodkin Arrow
33:48 Guilds
34:31 Conscription
35:16 Chemistry
35:01 Plate Barding Armor
34:49 Ballistics
37:12 Caravan
41:29 Bracer
42:30 Blast Furnace
41:12 Treadmill Crane
41:43 Masonry
Connection lost

Rejoining the realm…

Still unreachable

The connection could not be restored.

Session expired

The server has moved on; the page needs a fresh start.